 Dungeon Crawl Stone Soup version 0.28-a0-802-g09f76e8c00 (webtiles) character file.

Game seed: 8422845558848644855

25 Bediveer the Ducker (level 2, -5/14 HPs)
             Began as a Felid Berserker on Nov 6, 2021.
             Was a Believer of Trog.
             Slain by a gnoll (7 damage)
             ... on level 1 of the Dungeon.
             The game lasted 00:05:26 (839 turns).

Bediveer the Ducker (Felid Berserker)                Turns: 839, Time: 00:05:26

Health: -5/14      AC:  1    Str: 13    XL:     2   Next: 82%
Magic:  3/3        EV: 18    Int:  8    God:    Trog [**....]
Gold:   19         SH:  0    Dex: 15    Spells: 1/1 levels left
                                        Lives:  0   Deaths: 0

rFire   . . .      SeeInvis +     - Unarmed
rCold   . . .      Faith    .   (shield unavailable)
rNeg    . . .      Spirit   .   (armour unavailable)
rPois   .          Reflect  .   (helmet unavailable)
rElec   .          Harm     .   (cloak unavailable)
rCorr   .          Rampage  .   (gloves unavailable)
Will    .....                   (boots unavailable)
Stlth   +.........              (no amulet)
HPRegen 0.04/turn               (no ring)
MPRegen 0.08/turn               (no ring)

@: quick
A: very small, claws 1, fangs 3, see invisible, speed 1, shaggy fur 1, stealthy
paws, no weapons or thrown items, no armour, multi-lived
a: Renounce Religion, Berserk, Trog's Hand


You were on level 1 of the Dungeon.
You worshipped Trog.
Trog was pleased with you.
You visited 1 branch of the dungeon, and saw 1 of its levels.

You collected 19 gold pieces.

Inventory:

Missiles
 a - 17 poisoned darts


   Skills:
 + Level 3.3 Fighting
 + Level 4.5 Dodging
 + Level 3.5 Unarmed Combat


You had one spell level left.
You didn't know any spells.
Your spell library was empty.

Dungeon Overview and Level Annotations

Branches:
Dungeon (1/15)

Altars:


Innate Abilities, Weirdness & Mutations

You have sharp claws.
You have razor-sharp teeth.
You have supernaturally acute eyesight. (SInv)
You cover ground quickly. (Speed+)
You are covered in fur. (AC +1)
Your paws help you pounce on unaware monsters.
You are incapable of wielding weapons or throwing items.
You cannot wear armour.
You gain extra lives every three experience levels.


Message History

The frilled lizard hisses angrily.
Found a faded altar of an unknown god.
You scratch the frilled lizard.
The frilled lizard is severely wounded.
The frilled lizard completely misses you.
You miss the frilled lizard.
The frilled lizard is severely wounded.
The frilled lizard barely misses you.
You claw the frilled lizard!
You kill the frilled lizard!
Trog accepts your kill.
You start resting.
HP restored.
You see here a +0 leather armour.
You scratch the plant.
The plant begins to die.
The plant is lightly damaged.
You claw the plant!
The plant is lightly damaged.
You claw the plant!
The plant is lightly damaged.
You claw the plant! You bite the plant.
The plant is lightly damaged.
A nearby plant withers and dies.
A gnoll comes into view. It is wielding a +0 club.
A bat comes into view.
There is a faded altar of an unknown god here.
You closely miss the gnoll. The gnoll hits you with a +0 club!
Ouch! That really hurt!
You scratch the gnoll. You bite the gnoll.
The gnoll is lightly wounded.
The gnoll closely misses you.
You closely miss the gnoll.
The gnoll is lightly wounded.
The gnoll hits you with a +0 club.
* * * LOW HITPOINT WARNING * * *
You barely miss the gnoll.
The gnoll is lightly wounded.
The gnoll hits you with a +0 club!
Ouch! That really hurt!
You die...

#.......# #.#....
###..PPP..### #.####.
#.#.......#.# #.####.
#..P..P...# #......
#.....P...# ######.
#...[P.)P.# #.
#..PP.P...# ###.
#####_##### #...
#....@PP.P# #.##
#.P.Pgb...# #.#
#.........# #.#
#..P.P.P..# #.#
#.#.PP....#.# #.#
###.PP....#.########.#
#......P# ..)......##
.##.PP##. #######...
####


You could see a gnoll and a bat.

Vanquished Creatures
  A dart slug (D:1)
  A ball python (D:1)
  2 goblins (D:1)
  5 hobgoblins (D:1)
  A quokka (D:1)
  5 bats (D:1)
  A frilled lizard (D:1)
  3 kobolds (D:1)
  2 rats (D:1)
21 creatures vanquished.

Vanquished Creatures (others)
  A plant (D:1)
1 creature vanquished.

Grand Total: 22 creatures vanquished

Notes
Turn   | Place    | Note
-------+----------+-------------------------------------------
     0 | D:1      | Bediveer the Felid Berserker began the quest for the Orb.
     0 | D:1      | Reached XP level 1. HP: 10/10 MP: 2/2
   510 | D:1      | Reached XP level 2. HP: 14/14 MP: 3/3
   736 | D:1      | Reached ** piety under Trog
   769 | D:1      | Found a faded altar of an unknown god.
   839 | D:1      | Slain by a gnoll

Illustrated notes

Levels and vault maps discovered:
D:1:      sevenhm_arrival_forest_fort_small_4, layout_loops_cross,
          shapermc_ecumenical_altar_gd

Action                   || total
-------------------------++-------
Melee: Unarmed           ||    53
       Bite              ||     4
Invok: Berserk           ||     3
 Stab: Sleeping          ||     1
Armor: Skin              ||     3
Dodge: Dodged            ||    39

Table legend: (Time is in decaauts)
 A = Elapsed time spent in this place.
 B = Non-inter-level travel time spent in this place.
 C = Inter-level travel time spent in this place.
 D = Time resting spent in this place.
 E = Time spent auto-exploring this place.
 F = Levels seen in this place.
 G = Mean time per level.
                   A        B        C        D        E       F      G
               +--------+--------+--------+--------+--------+-----+--------+
         Total |    828 |    699 |    129 |    579 |      0 |   1 |  828.0 |
       Dungeon |    828 |    699 |    129 |    579 |      0 |   1 |  828.0 |
               +--------+--------+--------+--------+--------+-----+--------+

Top non-repeatable levels by time:
     D:1: 828 daAuts
